cohdb
Replays
Latest Replays
All Replays
Popular Replays
Top Player Replays
Match Explorer
How It Works
Community
CoH3 Stats
Reddit
Sign in to upload your games and track your stats! →
Sign in with Steam
Match 43866730
Unlisted
Match 43866730
Overview
Messages
Build Orders
End
Construct Barracks
M1 Mortar Team
Selects Heavy Weapons
M1 Mortar Team
Engineer Squad
Construct Weapon Support Center
M1919 Machine Gun Team
Selects M2HB .50cal Heavy Machine Gun
Construct Medical Station
Mechanized Support Center
Construct Motor Pool
M1919 Machine Gun Team
Selects Assault Carriers
M1 Anti-tank Gun Team
M3 Assault Carrier
Selects Exchangeable Parts
M1919 Machine Gun Team
M3 Assault Carrier
.30 cal Machine Gun
Construct Tank Depot
Riflemen Squad
M4A1 Sherman Medium Tank
M4A1 76mm Conversion
Selects M26 Pershing Heavy Tank
Designate Forward Repair Station
M26 Pershing Heavy Tank
Improvised Armor
Designate Forward Repair Station
Selects Rapid Reposition
M18 Hellcat Tank Destroyer
Engineer Squad
Silac
Masang
NanoLoki
alicece2
Mee Mee Cute
Getmeout
YangXYZ
L1mbo
0
0
Comments
sign in to comment!
No comments posted yet!